 Dungeon Crawl Stone Soup version 0.26-a0-854-gdc81c2f471 (webtiles) character file.

Game seed: 9397038090659237970

455 tatocazan the Magician (level 7, 0/50 HPs)
             Began as a Gnoll Wanderer on Nov 22, 2020.
             Was a Follower of Sif Muna.
             Slain by a gnoll
             ... wielding a +0 spear
              (2 damage)
             ... on level 4 of the Dungeon.
             The game lasted 00:10:11 (5684 turns).

tatocazan the Magician (Gnoll Wanderer)             Turns: 5684, Time: 00:10:13

Health: 0/50       AC:  5    Str: 15    XL:     7   Next: 5%
Magic:  15/16      EV: 13    Int: 17    God:    Sif Muna [*.....]
Gold:   159        SH:  0    Dex: 15    Spells: 8/21 levels left

rFire    . . .     SeeInvis +   z - +0 dagger (vamp)
rCold    . . .     Faith    .   (no shield)
rNeg     . . .     Spirit   .   d - +0 robe
rPois    .         Reflect  .   (no helmet)
rElec    .         Harm     .   (no cloak)
rCorr    .         Rampage  .   i - +1 pair of gloves
MR       +....                  w - +0 pair of boots
Stlth    ++........             (no amulet)
HPRegen  0.16/turn              n - ring of protection from magic
MPRegen  0.15/turn              (no ring)

@: frozen ramparts
A: distributed training, fangs 1, see invisible, low mp 1, strong 1, strong nose
a: Channel Magic, Renounce Religion


You were on level 4 of the Dungeon.
You worshipped Sif Muna.
Sif Muna was aware of your devotion.
You visited 1 branch of the dungeon, and saw 4 of its levels.

You collected 159 gold pieces.

Inventory:

Hand Weapons
 a - a +0 dagger
 z - a +0 vampiric dagger (weapon)
Missiles
 e - 2 javelins (quivered)
 m - 8 boomerangs
Armour
 d - a +0 robe (worn)
 i - a +1 pair of gloves (worn)
 w - a +0 pair of boots (worn)
Jewellery
 n - a ring of protection from magic (left hand)
Scrolls
 c - 2 scrolls of teleportation {unknown}
 f - 2 scrolls of magic mapping {unknown}
 g - 2 scrolls of enchant armour {unknown}
 h - 6 scrolls of remove curse {unknown}
 l - a scroll of fog {unknown}
 o - 2 scrolls of fear {unknown}
 r - a scroll of random uselessness {unknown}
 t - a scroll of amnesia {unknown}
 u - a scroll of immolation {unknown}
 v - a scroll of identify {unknown}
 y - a scroll of enchant weapon {unknown}
Potions
 b - 2 potions of mutation
 j - a potion of brilliance {unknown}
 k - 2 potions of flight {unknown}
 p - 2 potions of lignification {unknown}
 q - a potion of degeneration {unknown}
 s - a potion of ambrosia {unknown}
 x - a potion of curing {unknown}


   Skills:
 + Level 2.2 Fighting
 + Level 2.2 Short Blades
 + Level 2.2 Long Blades
 + Level 2.2 Axes
 + Level 2.2 Maces & Flails
 + Level 2.2 Polearms
 + Level 2.2 Staves
 + Level 2.2 Slings
 + Level 2.2 Bows
 + Level 2.2 Crossbows
 + Level 3.4 Throwing
 + Level 2.2 Armour
 + Level 2.2 Dodging
 + Level 3.3 Stealth
 + Level 2.2 Shields
 + Level 2.2 Unarmed Combat
 + Level 7.5 Spellcasting
 + Level 1.8 Conjurations
 + Level 1.8 Hexes
 + Level 1.8 Summonings
 + Level 1.8 Necromancy
 + Level 1.8 Translocations
 + Level 1.8 Transmutations
 + Level 1.8 Fire Magic
 + Level 7.3 Ice Magic
 + Level 2.8 Air Magic
 + Level 1.8 Earth Magic
 + Level 1.8 Poison Magic
 + Level 2.5 Invocations
 + Level 2.2 Evocations


You had 8 spell levels left.
You knew the following spells:

 Your Spells              Type           Power        Failure   Level
a - Freeze                Ice            ####         1%          1
b - Sandblast             Erth           ##....       5%          1
c - Frozen Ramparts       Ice            ####..       1%          3
d - Hailstorm             Conj/Ice       ###.....     17%         4
e - Summon Ice Beast      Ice/Summ       ###.....     17%         4

Your spell library contained the following spells:

 Spells                   Type           Power        Failure   Level
 Ozocubu's Armour         Ice            ####....     1%          3
 Pain                     Necr           ##..         5%          1
 Stone Arrow              Conj/Erth      ##....       16%         3
 Vampiric Draining        Necr           ##........   16%         3


Dungeon Overview and Level Annotations

Branches:
Dungeon (4/15)
 Temple: D:4-7

Altars:
Ashenzari
Gozag
Nemelex Xobeh
Sif Muna

Annotations:
D:4 3 runed translucent doors, Demosthentine's ghost, novice FoFi


Innate Abilities, Weirdness & Mutations

Your experience applies equally to all skills.
You have very sharp teeth.
Your uncanny sense of smell can sniff out nearby items.
You have supernaturally acute eyesight. (SInv)
Your magical capacity is low. (-10% MP)
Your muscles are strong. (Str +2)


Message History

The gnoll closely misses you.
The gnoll hits you from afar with a +0 halberd!
* * * LOW HITPOINT WARNING * * *
Casting: Freeze (safe; 1% risk of failure)
Confirm with . or Enter, or press ? or * to list all spells.
The walls around you are covered in ice.
The gnoll barely misses you.
The wall freezes the gnoll.
The gnoll hits you but does no damage.
The wall freezes the gnoll.
The gnoll hits you from afar with a +0 spear!
* * * LOW HITPOINT WARNING * * *
The wall freezes the gnoll.
It was a potion of mutation.
You feel extremely strange.
You feel less energetic.
You feel stronger.
Your vision sharpens.
The wall freezes the gnoll.
The gnoll hits you from afar with a +0 spear.
* * * LOW HITPOINT WARNING * * *
The wall freezes the gnoll.
The gnoll hits you from afar with a +0 spear.
You die...

........ ........
####..... #.....l.
###.....# ## #####
#.....g.# ..## 8∩8.##
##.....g### .....
..$$.###.....gg..#......
.8..8#....#....l@.......
._...#..................
wWo.##.....#...........(
+++####....#............
.....#.......###........
...###.....#.# #......##
.....#..#...............
.......#....##.....#....
......##..#.#.....


You could see 4 gnolls and a frilled lizard.

Vanquished Creatures
  An ogre (D:4)
  A scorpion (D:4)
  An orc priest (D:4)
  A hound (D:4)
  3 orc wizards (D:4)
  2 howler monkey skeletons (D:4)
  6 adders
  An ufetubus (D:3)
  An ooze (D:2)
  2 dart slugs
  3 worms
  A leopard gecko (D:4)
  9 orcs
  A ball python (D:4)
  3 giant cockroaches
  7 goblins
  7 hobgoblins
  4 jackals (D:2)
  3 quokkas
  10 bats
  3 frilled lizards
  3 kobolds
  12 rats
85 creatures vanquished.

Notes
Turn   | Place    | Note
-------+----------+-------------------------------------------
     0 | D:1      | tatocazan the Gnoll Wanderer began the quest for the Orb.
     0 | D:1      | tatocazan set off with the following items: a +0 dagger, a
                  | +0 robe; and the following spells available to memorise:
                  | Freeze, Frozen Ramparts, Ozocubu's Armour, Pain, Sandblast,
                  | Hailstorm, Summon Ice Beast, Stone Arrow, Vampiric Draining
     0 | D:1      | Reached XP level 1. HP: 13/13 MP: 8/8
     2 | D:1      | Learned a level 1 spell: Freeze
     4 | D:1      | Learned a level 1 spell: Sandblast
   871 | D:1      | Reached XP level 2. HP: 19/19 MP: 10/10
  1206 | D:2      | Found a faded altar of an unknown god.
  1216 | D:2      | Reached XP level 3. HP: 25/25 MP: 11/11
  1308 | D:2      | Learned a level 3 spell: Frozen Ramparts
  1505 | D:2      | Reached skill level 1 in Invocations
  1775 | D:2      | Reached skill level 1 in Fighting
  1775 | D:2      | Reached skill level 1 in Short Blades
  1775 | D:2      | Reached skill level 1 in Long Blades
  1775 | D:2      | Reached skill level 1 in Axes
  1775 | D:2      | Reached skill level 1 in Maces & Flails
  1775 | D:2      | Reached skill level 1 in Polearms
  1775 | D:2      | Reached skill level 1 in Staves
  1775 | D:2      | Reached skill level 1 in Slings
  1775 | D:2      | Reached skill level 1 in Bows
  1775 | D:2      | Reached skill level 1 in Crossbows
  1775 | D:2      | Reached skill level 1 in Armour
  1775 | D:2      | Reached skill level 1 in Dodging
  1775 | D:2      | Reached skill level 1 in Shields
  1775 | D:2      | Reached skill level 1 in Unarmed Combat
  1775 | D:2      | Reached skill level 1 in Evocations
  2634 | D:2      | Reached XP level 4. HP: 32/32 MP: 8/13
  2882 | D:3      | Found a shimmering blue altar of Sif Muna.
  2896 | D:3      | Became a worshipper of Sif Muna the Loreminder
  3082 | D:3      | Reached skill level 1 in Conjurations
  3082 | D:3      | Reached skill level 1 in Hexes
  3082 | D:3      | Reached skill level 1 in Summonings
  3082 | D:3      | Reached skill level 1 in Necromancy
  3082 | D:3      | Reached skill level 1 in Translocations
  3082 | D:3      | Reached skill level 1 in Transmutations
  3082 | D:3      | Reached skill level 1 in Fire Magic
  3082 | D:3      | Reached skill level 1 in Earth Magic
  3082 | D:3      | Reached skill level 1 in Poison Magic
  3692 | D:3      | Reached XP level 5. HP: 37/37 MP: 10/14
  3700 | D:3      | Learned a level 4 spell: Hailstorm
  3784 | D:3      | Found a broken altar of Ashenzari.
  3979 | D:4      | Found a sparkling altar of Nemelex Xobeh.
  4017 | D:4      | Reached * piety under Sif Muna
  4383 | D:4      | Reached XP level 6. HP: 26/44 MP: 10/16
  4783 | D:4      | Learned a level 4 spell: Summon Ice Beast
  5417 | D:4      | Reached XP level 7. HP: 41/50 MP: 12/18
  5625 | D:4      | Found a runed translucent gate.
  5625 | D:4      | Found a runed translucent gate.
  5625 | D:4      | Found a runed translucent gate.
  5637 | D:4      | Found an opulent altar of Gozag.
  5656 | D:4      | Noticed Demosthentine's ghost (novice FoFi)
  5684 | D:4      | Gained mutation: Your magical capacity is low. (-10% MP)
                  | [potion of mutation]
  5684 | D:4      | Gained mutation: Your muscles are strong. (Str +2) [potion
                  | of mutation]
  5684 | D:4      | Gained mutation: You have supernaturally acute eyesight.
                  | (SInv) [potion of mutation]
  5684 | D:4      | HP: 2/50 [gnoll/+0 spear (3)]
  5684 | D:4      | Slain by a gnoll

Illustrated notes

Levels and vault maps discovered:
D:1:      tarquinn_simple_flora_water_c, layout_basic, serial_forest,
          infiniplex_forest_zigzag_1, infiniplex_forest_clump_large,
          infiniplex_forest_straight_3, infiniplex_forest_join,
          infiniplex_forest_clump_diagonal, minmay_misc_feat_cross,
          chequers_serial_rivers_marsh
D:2:      layout_basic, chequers_ecumenical_altar_twisty, serial_rivers,
          chequers_serial_rivers_small_b, chequers_serial_rivers_large_b,
          chequers_serial_rivers_small_a, chequers_serial_rivers_marsh,
          chequers_serial_rivers_micro_b, chequers_serial_rivers_micro_d
D:3:      layout_basic, cheibrodos_ashenzari_chains, led_sif_pool
D:4:      layout_cave_pools, nemelex_xobeh_ov_fountains_minmay, zin_academy,
          ebering_ghost_gozag

Skill      XL: |  1  2  3  4  5  6 |
---------------+-------------------+-----
Air Magic      | 2 |  2.8
Invocations    | 1 2 |  2.5
Fighting       | 1 2 |  2.2
Short Blades   | 1 2 |  2.2
Long Blades    | 1 2 |  2.2
Axes           | 1 2 |  2.2
Maces & Flails | 1 2 |  2.2
Polearms       | 1 2 |  2.2
Staves         | 1 2 |  2.2
Slings         | 1 2 |  2.2
Bows           | 1 2 |  2.2
Crossbows      | 1 2 |  2.2
Armour         | 1 2 |  2.2
Dodging        | 1 2 |  2.2
Shields        | 1 2 |  2.2
Unarmed Combat | 1 2 |  2.2
Evocations     | 1 2 |  2.2
Conjurations   | 1 |  1.8
Hexes          | 1 |  1.8
Summonings     | 1 |  1.8
Necromancy     | 1 |  1.8
Translocations | 1 |  1.8
Transmutations | 1 |  1.8
Fire Magic     | 1 |  1.8
Earth Magic    | 1 |  1.8
Poison Magic   | 1 |  1.8
Throwing       | 3 |  3.4
Stealth        | 3 |  3.3
Spellcasting   | |  7.5
Ice Magic      | |  7.3

Action                   |  1- 3 |  4- 6 |  7- 9 || total
-------------------------+-------+-------+-------++-------
Melee: Dagger            |    86 |    92 |     2 ||   180
       Bite              |    11 |    11 |     1 ||    23
 Cast: Freeze            |    18 |    23 |       ||    41
       Frozen Ramparts   |     4 |     6 |     1 ||    11
       Hailstorm         |       |     2 |       ||     2
  Use: Potion            |       |       |     1 ||     1
 Stab: Sleeping          |     8 |     5 |       ||    13
Armor: Robe              |    44 |    27 |     1 ||    72
Dodge: Dodged            |    79 |    66 |     7 ||   152

Table legend: (Time is in decaauts)
 A = Elapsed time spent in this place.
 B = Non-inter-level travel time spent in this place.
 C = Inter-level travel time spent in this place.
 D = Time resting spent in this place.
 E = Time spent auto-exploring this place.
 F = Levels seen in this place.
 G = Mean time per level.
                   A        B        C        D        E       F      G
               +--------+--------+--------+--------+--------+-----+--------+
         Total |   5709 |   5651 |     58 |   2964 |   2064 |   4 | 1427.2 |
       Dungeon |   5709 |   5651 |     58 |   2964 |   2064 |   4 | 1427.2 |
               +--------+--------+--------+--------+--------+-----+--------+

Top non-repeatable levels by time:
     D:2: 1852 daAuts
     D:4: 1719 daAuts
     D:3: 1127 daAuts
     D:1: 1010 daAuts
